 Dungeon Crawl Stone Soup version 0.29.0-4-gdea44cf6ec (webtiles) character file.

Game seed: 11249986546434975382

2727 qw the Cleaver (level 9, 0/54 HPs)
             Began as a Tengu Warper on Aug 28, 2022.
             Was a Believer of Okawaru.
             Slain by Maggie
             ... wielding a +0 scimitar of electrocution
              (20 damage)
             ... on level 6 of the Dungeon.
             The game lasted 00:00:39 (7494 turns).

qw the Cleaver (Tengu Warper)                       Turns: 7494, Time: 00:00:40

Health: 0/54       AC: 23    Str: 16    XL:     9   Next: 67%
Magic:  11/13      EV:  9    Int: 13    God:    Okawaru [**....]
Gold:   294        SH:  0    Dex: 14    Spells: 12/12 levels left

rFire   . . .      SeeInvis .   Y - +1 broad axe (elec)
rCold   + . .      Faith    .   (no shield)
rNeg    . . .      Spirit   .   i - +0 plate armour
rPois   .          Reflect  .   b - +2 hat
rElec   .          Harm     .   e - +0 cloak
rCorr   .          Rampage  .   g - +0 pair of gloves
Will    .....                   (boots unavailable)
Stlth   ..........              k - amulet of the acrobat
HPRegen 0.18/turn               m - +4 ring of protection
MPRegen 0.13/turn               n - ring of protection from cold

@: heroic, flying quickly and evasively, mesmerised, quick
A: beak, talons 3, nimble flight
a: Renounce Religion, Heroism


You were on level 6 of the Dungeon.
You worshipped Okawaru.
Okawaru was pleased with you.
You visited 1 branch of the dungeon, and saw 6 of its levels.

You collected 294 gold pieces.


Innate Abilities, Weirdness & Mutations

You have a beak for a mouth.
You have claws for feet.
Your magical nature lets you fly swiftly and evasively.


   Skills:
 - Level 5.2(10.2) Fighting
 - Level 11.1(16.1) Axes
 - Level 1.0(6.0) Throwing
 + Level 5.1(10.1) Armour
 - Level 2.1(7.1) Dodging
 - Level 2.0 Spellcasting
 - Level 2.4 Translocations
 - Level 4.0 Invocations


You had 12 spell levels left.
You didn't know any spells.
Your spell library contained the following spells:

 Spells                   Type           Power      Damage    Failure   Level
 Blink                    Tloc           14%        N/A       99%         2
 Gell's Gravitas          Tloc           7%         N/A       100%        3
 Lesser Beckoning         Tloc           7%         N/A       100%        3
 Teleport Other           Tloc           7%         N/A       100%        3
 Manifold Assault         Tloc           7%         N/A       100%        5

Inventory:

Hand Weapons
 q - a +3 flail of venom
 Y - a +1 broad axe of electrocution (weapon)
Armour
 b - a +2 hat (worn)
 e - a +0 cloak (worn)
 g - a +0 pair of gloves (worn)
 i - a +0 plate armour (worn)
Jewellery
 f - a ring of protection from fire
 k - an amulet of the acrobat (around neck)
 m - a +4 ring of protection (left hand)
 n - a ring of protection from cold (right hand)
Scrolls
 j - 5 scrolls of identify
Potions
 a - 2 potions of haste
 c - a potion of might
 d - a potion of cancellation
 h - a potion of degeneration {unknown}
 l - 2 potions of curing
 o - a potion of magic
 p - 3 potions of heal wounds

Dungeon Overview and Level Annotations

Branches:
Dungeon (6/15)             Temple (0/1) D:4

Altars:
Elyvilon
Gozag
Okawaru

Annotations:
D:6 Maggie


Message History

You closely miss the lemure. You hit Maggie.
You feel like a meek peon again.
You hear a shout!
7490 ||| INVOKING Heroism.
You gain the combat prowess of a mighty hero.
The lemure closely misses you.
Maggie casts a spell.
Maggie draws you further into her thrall.
Pikel hits you but does no damage.
You closely miss Pikel. Your kick misses Pikel. You peck Pikel.
Pikel is almost dead.
You hit the lemure. You closely miss Maggie. Maggie barely misses you.
The lemure hits you but does no damage. Pikel barely misses you.
You slice Pikel!!
You kill Pikel!
Okawaru is honoured by your kill.
You barely miss Maggie. You barely miss the lemure.
With Pikel's spell broken, his former minion thanks you for its freedom.
The lemure departs this earthly plane.
Maggie gestures wildly while chanting.
Maggie draws you further into her thrall.
The ufetubus hits you. The ufetubus closely misses you.
Your base Axes skill increases to level 11!
You slash Maggie! You claw Maggie, but do no damage.
You peck Maggie, but do no damage.
Maggie is heavily wounded.
You hit the iguana. Lightning courses through the iguana!
You kill the iguana!
Okawaru accepts your kill.
You slash the ufetubus!
You kill the ufetubus!
Okawaru accepts your kill. Maggie gestures at you while chanting.
The bolt of fire hits you but does no damage.
You hit Maggie. Lightning courses through Maggie!
Maggie is almost dead.
Maggie hits you with a +0 scimitar of electrocution.
You are electrocuted!!
You die...

#############.......'........
#####...........#########........
#.................../#####.......
#......................####.....#
#.....#########..........###.(.##
##..###.......####........###+##
#..............¤###.......##.#
#......./.)....¤%¤#.)....%...#
###......?.....@@¤#.......#%.##
####.......###).##.....##...##
#########.....#....##.....#
5K.5....#..#####...##
..@.O.....####.####.###
......##### #......%.. ######
######.### #.# #.#


You could see Maggie (mesmerising).

Vanquished Creatures
  Pikel (D:6)
  Grinder (D:4)
  Sigmund (D:5)
  Menkaure (D:5)
  Edmund (D:5)
  2 water moccasins (D:6)
  An ice beast (D:6)
  3 black bears
  3 ogres
  A phantom (D:5)
  2 lemures (D:6)
  4 scorpions
  2 jellies (D:5)
  An orc priest (D:5)
  2 hounds (D:5)
  Terence (D:2)
  Jessica (D:2)
  5 iguanas
  An orc wizard (D:5)
  6 adders
  A white imp (D:6)
  2 ufetubi
  2 worms (D:5)
  7 dart slugs
  5 orcs
  9 ball pythons
  5 bats
  11 endoplasms
  A giant cockroach (D:1)
  10 goblins
  6 hobgoblins
  7 kobolds
  2 quokkas
  A frilled lizard (D:3)
  5 rats
114 creatures vanquished.

Vanquished Creatures (others)
  4 plants (D:5)
4 creatures vanquished.

Grand Total: 118 creatures vanquished

Notes
Turn   | Place    | Note
-------+----------+-------------------------------------------
     0 | D:1      | qw the Tengu Warper began the quest for the Orb.
     0 | D:1      | Reached XP level 1. HP: 12/12 MP: 4/4
     0 | D:1      | 0 ||| qw: Version: 0.1-a-89-g26bdef1
     0 | D:1      | 0 ||| qw: Game counter: 719
     0 | D:1      | 0 ||| qw: Always use a shield: true
     0 | D:1      | 0 ||| qw: God list: Okawaru
     0 | D:1      | 0 ||| qw: Allow faded altars: false
     0 | D:1      | 0 ||| qw: Do Orc after D:15 true
     0 | D:1      | 0 ||| qw: Do second Lair branch before Depths: true
     0 | D:1      | 0 ||| qw: Lair rune preference: random
     0 | D:1      | 0 ||| qw: Plans: Normal
     0 | D:1      | 0 ||| PLANNING D:1-11
   154 | D:1      | Reached XP level 2. HP: 17/17 MP: 6/6
   157 | D:1      | Reached skill level 3 in Axes
   305 | D:1      | 305 ||| Stepping ~*~*~tactically~*~*~ (hiding).
   308 | D:1      | 308 ||| Stepping ~*~*~tactically~*~*~ (stealth).
   324 | D:1      | HP: 4/17 [dart slug (1)]
   570 | D:1      | You fall into a shaft and drop 1 floor!
   609 | D:2      | Reached XP level 3. HP: 21/21 MP: 7/7
   684 | D:2      | 684 ||| Stepping ~*~*~tactically~*~*~ (hiding).
   786 | D:2      | 786 ||| Stepping ~*~*~tactically~*~*~ (hiding).
  1062 | D:2      | 1062 ||| UPGRADING to +0 pair of gloves.
  1067 | D:2      | 1067 ||| UPGRADING to +0 plate armour.
  1077 | D:2      | 1077 ||| DROPPING +0 leather armour.
  1078 | D:2      | 1078 ||| UPGRADING to +4 ring of protection.
  1079 | D:2      | 1079 ||| UPGRADING to ring of protection from cold.
  1080 | D:2      | 1080 ||| READING scroll labelled QEANWU ODYFYQ.
  1084 | D:2      | 1084 ||| READING scroll labelled VUHEIJ DIANEUTT.
  1085 | D:2      | 1085 ||| READING 2 scrolls labelled KAUDAE ISAONA.
  1086 | D:2      | 1086 ||| DRINKING 2 dark potions.
  1087 | D:2      | 1087 ||| DROPPING scroll of blinking.
  1088 | D:2      | 1088 ||| DROPPING potion of attraction.
  1147 | D:1      | Reached skill level 4 in Axes
  1213 | D:1      | Found a faded altar of an unknown god.
  1493 | D:1      | 1493 ||| DROPPING amulet of magic regeneration.
  1494 | D:1      | 1494 ||| DROPPING ring of flight.
  1495 | D:1      | 1495 ||| READING scroll labelled ESEUVOQ IGUUT.
  1496 | D:1      | 1496 ||| READING 2 scrolls of identify.
  1496 | D:1      | 1496 ||| IDENTIFYING green potion
  1791 | D:2      | 1791 ||| DROPPING +0 club.
  1835 | D:2      | Noticed Terence
  1847 | D:2      | HP: 5/21 [Terence/+0 hand axe (1)]
  1852 | D:2      | Killed Terence
  1853 | D:2      | Reached XP level 4. HP: 4/26 MP: 8/8
  2195 | D:2      | Noticed Jessica
  2196 | D:2      | 2196 ||| Stepping ~*~*~tactically~*~*~ (hiding).
  2202 | D:2      | 2202 ||| Stepping ~*~*~tactically~*~*~ (hiding).
  2208 | D:2      | 2208 ||| FLEEEEING.
  2218 | D:2      | 2218 ||| FLEEEEING.
  2219 | D:2      | 2219 ||| FLEEEEING.
  2220 | D:2      | 2220 ||| FLEEEEING.
  2221 | D:2      | 2221 ||| FLEEEEING.
  2226 | D:2      | 2226 ||| FLEEEEING.
  2227 | D:2      | 2227 ||| FLEEEEING.
  2236 | D:2      | 2236 ||| FLEEEEING.
  2237 | D:2      | 2237 ||| FLEEEEING.
  2239 | D:2      | 2239 ||| FLEEEEING.
  2245 | D:2      | 2245 ||| FLEEEEING.
  2253 | D:2      | 2253 ||| FLEEEEING.
  2259 | D:2      | 2259 ||| FLEEEEING.
  2260 | D:2      | 2260 ||| FLEEEEING.
  2261 | D:2      | 2261 ||| FLEEEEING.
  2269 | D:2      | 2269 ||| FLEEEEING.
  2270 | D:2      | 2270 ||| FLEEEEING.
  2271 | D:2      | 2271 ||| FLEEEEING.
  2272 | D:2      | 2272 ||| FLEEEEING.
  2279 | D:2      | 2279 ||| STAIRDANCE
  2310 | D:1      | 2310 ||| READING scroll labelled KETICZ OCZEXAU.
  2315 | D:2      | Killed Jessica
  2316 | D:2      | Reached skill level 5 in Axes
  2520 | D:2      | 2520 ||| DRINKING 2 ruby potions.
  2540 | D:3      | Noticed a scorpion
  2542 | D:3      | 2542 ||| STAIRDANCE
  2555 | D:2      | HP: 5/26 [poisoned by a scorpion]
  2556 | D:2      | Killed a scorpion
  2557 | D:2      | Gained mutation: Your magical nature lets you fly swiftly
                  | and evasively. [Tengu growth]
  2557 | D:2      | Reached XP level 5. HP: 4/30 MP: 9/9
  2557 | D:2      | 2557 ||| DRINKING potion of curing.
  2557 | D:2      | 2557 ||| (to cure poison)
  2704 | D:3      | 2704 ||| STAIRDANCE
  2723 | D:3      | 2723 ||| Stepping ~*~*~tactically~*~*~ (stealth).
  2768 | D:3      | 2768 ||| Stepping ~*~*~tactically~*~*~ (stealth).
  2859 | D:3      | 2859 ||| READING scroll labelled VECUYR GABE.
  2859 | D:3      | Identified a scroll of acquirement
  2859 | D:3      | 2859 ||| ACQUIRING +0 broad axe of electrocution
  2859 | D:3      | Acquired a +0 broad axe of electrocution
  2977 | D:3      | 2977 ||| SWAPPING to +0 broad axe of electrocution.
  2978 | D:3      | 2978 ||| DROPPING +1 hand axe.
  3077 | D:3      | 3077 ||| Stepping ~*~*~tactically~*~*~ (hiding).
  3204 | D:3      | Reached skill level 6 in Axes
  3285 | D:3      | 3285 ||| Stepping ~*~*~tactically~*~*~ (hiding).
  3400 | D:3      | 3400 ||| Stepping ~*~*~tactically~*~*~ (hiding).
  3623 | D:3      | 3623 ||| Stepping ~*~*~tactically~*~*~ (stealth).
  3755 | D:3      | 3755 ||| READING scroll labelled CAENER CEKAPEY.
  3756 | D:3      | 3756 ||| READING 4 scrolls of identify.
  3756 | D:3      | 3756 ||| IDENTIFYING fuming coppery potion
  3757 | D:3      | 3757 ||| READING 3 scrolls of identify.
  3757 | D:3      | 3757 ||| IDENTIFYING inky potion
  3758 | D:3      | 3758 ||| READING 2 scrolls of identify.
  3758 | D:3      | 3758 ||| IDENTIFYING metallic pink potion
  3759 | D:3      | 3759 ||| DROPPING potion of flight.
  3877 | D:4      | 3877 ||| Stepping ~*~*~tactically~*~*~ (stealth).
  3878 | D:4      | 3878 ||| Stepping ~*~*~tactically~*~*~ (stealth).
  3879 | D:4      | 3879 ||| Stepping ~*~*~tactically~*~*~ (stealth).
  3883 | D:4      | 3883 ||| Stepping ~*~*~tactically~*~*~ (stealth).
  3884 | D:4      | 3884 ||| Stepping ~*~*~tactically~*~*~ (stealth).
  3899 | D:4      | Noticed Grinder
  3900 | D:4      | 3900 ||| Stepping ~*~*~tactically~*~*~ (stealth).
  3901 | D:4      | 3901 ||| DROPPING +0 mace.
  3904 | D:4      | 3904 ||| Stepping ~*~*~tactically~*~*~ (hiding).
  3912 | D:4      | Killed Grinder
  3913 | D:4      | Reached XP level 6. HP: 29/35 MP: 10/10
  3966 | D:4      | Noticed a black bear
  3968 | D:4      | 3968 ||| Stepping ~*~*~tactically~*~*~ (stealth).
  3973 | D:4      | Killed a black bear
  3974 | D:4      | Reached XP level 7. HP: 36/40 MP: 11/11
  3974 | D:4      | 3974 ||| FLEEEEING.
  3975 | D:4      | 3975 ||| FLEEEEING.
  4039 | D:4      | HP: 10/40 [iguana (5)]
  4515 | D:4      | Reached skill level 7 in Axes
  4694 | D:4      | 4694 ||| READING scroll of enchant weapon.
  4694 | D:4      | 4694 ||| ENCHANTING +0 broad axe of electrocution.
  4725 | D:4      | 4725 ||| Stepping ~*~*~tactically~*~*~ (hiding).
  4726 | D:4      | 4726 ||| Stepping ~*~*~tactically~*~*~ (hiding).
  4772 | D:4      | Found an iron altar of Okawaru.
  4781 | D:4      | Became a worshipper of Warmaster Okawaru
  4913 | D:4      | Found a staircase to the Ecumenical Temple.
  4916 | D:4      | 4916 ||| UPGRADING to amulet of the acrobat.
  4921 | D:4      | 4921 ||| READING scroll labelled POSCHU JIYH.
  4922 | D:4      | 4922 ||| READING 2 scrolls of identify.
  4922 | D:4      | 4922 ||| IDENTIFYING viscous golden potion
  4923 | D:4      | 4923 ||| DROPPING potion of invisibility.
  4981 | D:4      | 4981 ||| Stepping randomly (stuck).
  5006 | D:5      | Entered Level 5 of the Dungeon
  5174 | D:5      | Found an opulent altar of Gozag.
  5243 | D:5      | Reached skill level 3 in Fighting
  5431 | D:5      | Noticed Menkaure
  5437 | D:5      | HP: 10/41 [Menkaure (13)]
  5438 | D:5      | 5438 ||| READING scroll of teleportation.
  5439 | D:5      | Killed Menkaure
  5442 | D:5      | 5442 ||| FLEEEEING.
  5443 | D:5      | HP: 10/41 [ufetubus (1)]
  5446 | D:5      | Reached XP level 8. HP: 10/46 MP: 12/12
  5703 | D:5      | Reached skill level 8 in Axes
  5703 | D:5      | 5703 ||| Stepping ~*~*~tactically~*~*~ (stealth).
  5704 | D:5      | 5704 ||| Stepping ~*~*~tactically~*~*~ (stealth).
  5802 | D:5      | 5802 ||| Stepping ~*~*~tactically~*~*~ (stealth).
  5843 | D:5      | 5843 ||| Stepping ~*~*~tactically~*~*~ (stealth).
  6057 | D:5      | Reached * piety under Okawaru
  6103 | D:5      | 6103 ||| INVOKING Heroism.
  6192 | D:5      | Reached skill level 9 in Axes
  6294 | D:5      | Noticed Edmund
  6295 | D:5      | 6295 ||| INVOKING Heroism.
  6306 | D:5      | 6306 ||| INVOKING Heroism.
  6309 | D:5      | Killed Edmund
  6318 | D:5      | HP: 12/48 [poisoned by Edmund]
  6551 | D:5      | 6551 ||| DROPPING +0 flail.
  6566 | D:5      | Noticed Sigmund
  6567 | D:5      | 6567 ||| INVOKING Heroism.
  6574 | D:5      | Killed Sigmund
  6575 | D:5      | Reached skill level 1 in Invocations
  6609 | D:5      | 6609 ||| INVOKING Heroism.
  6713 | D:5      | Found a white marble altar of Elyvilon.
  6974 | D:5      | 6974 ||| UPGRADING to +2 hat.
  6979 | D:5      | 6979 ||| UPGRADING to +0 cloak.
  6984 | D:5      | 6984 ||| READING scroll labelled MIOGI QAMYX.
  6985 | D:5      | 6985 ||| READING scroll labelled QUUSCH BILLUDUA.
  6986 | D:5      | 6986 ||| DRINKING 2 white potions.
  7049 | D:4      | 7049 ||| Stepping randomly (stuck).
  7124 | D:4      | 7124 ||| Stepping randomly (stuck).
  7173 | D:6      | 7173 ||| Stepping ~*~*~tactically~*~*~ (hiding).
  7334 | D:6      | 7334 ||| INVOKING Heroism.
  7337 | D:6      | Reached XP level 9. HP: 52/52 MP: 10/13
  7339 | D:6      | Reached skill level 10 in Axes
  7339 | D:6      | Reached skill level 3 in Invocations
  7369 | D:6      | 7369 ||| Stepping ~*~*~tactically~*~*~ (stealth).
  7392 | D:6      | 7392 ||| INVOKING Heroism.
  7422 | D:6      | 7422 ||| Stepping ~*~*~tactically~*~*~ (stealth).
  7441 | D:6      | 7441 ||| Stepping ~*~*~tactically~*~*~ (stealth).
  7472 | D:6      | 7472 ||| Stepping ~*~*~tactically~*~*~ (stealth).
  7473 | D:6      | Noticed Pikel
  7473 | D:6      | Noticed Maggie
  7474 | D:6      | 7474 ||| Stepping ~*~*~tactically~*~*~ (hiding).
  7477 | D:6      | 7477 ||| INVOKING Heroism.
  7490 | D:6      | 7490 ||| INVOKING Heroism.
  7492 | D:6      | Killed Pikel
  7492 | D:6      | Reached ** piety under Okawaru
  7493 | D:6      | Reached skill level 11 in Axes
  7494 | D:6      | Slain by Maggie

Levels and vault maps discovered:
D:1:      minmay_arrival_jagged, layout_basic,
          hellmonk_ecumenical_altar_leap_of_faith
D:2:      layout_loops_corners, corner_web_ring, uniq_terence, uniq_jessica
D:3:      layout_loops_ring, due_unseen_surprise
D:4:      layout_basic, okawaru_metal_pillars_3,
          minmay_temple_entry_butterflies, uniq_grinder
D:5:      layout_layer_cave, nicolae_overflow_hidden_temple,
          nicolae_elyvilon_temple_path, kennysheep_generic_room_15,
          uniq_menkaure, uniq_edmund, uniq_sigmund
D:6:      kennysheep_spiral_hall, layout_loops_corners, st_stairs_2,
          minmay_misc_feat_enclosed, uniq_maggie, uniq_duvessa, uniq_pikel

Skill      XL: |  1  2  3  4  5  6  7  8  9 |
---------------+----------------------------+-----
Axes           | 3 4 5 6 7 9 11 | 11.1
Armour         | 2 4 5 |  5.1
Fighting       | 3 4 5 |  5.2
Invocations    | 2 4 |  4.0
Throwing       | |  1.0
Dodging        | |  2.1
Spellcasting   | |  2.0
Translocations | |  2.4

Action                   |  1- 3 |  4- 6 |  7- 9 || total
-------------------------+-------+-------+-------++-------
Melee: Hand axe          |    75 |    33 |       ||   108
       Kick              |    18 |    17 |    41 ||    76
       Peck              |     6 |    10 |    27 ||    43
       Punch             |       |     2 |     3 ||     5
       Broad axe         |       |    38 |   142 ||   180
Throw: Boomerang         |     7 |       |       ||     7
Invok: Heroism           |       |       |     9 ||     9
  Use: Scroll            |     5 |     6 |     6 ||    17
       Potion            |     1 |     2 |     1 ||     4
Armor: Leather armour    |     3 |       |       ||     3
       Plate armour      |    21 |    61 |    82 ||   164
Dodge: Dodged            |    13 |    13 |    38 ||    64

Table legend:
 A = Non-vault XP
 B = Vault XP
 C = Vault XP percentage of total XP
 D = Non-vault monster count
 E = Vault monster count
 F = Vault count percentage of total count
                 A         B        C        D         E       F
            +---------+---------+-------+---------+---------+-------
      Total |    1902 |    1995 |  51.2 |      99 |      13 |  11.6
            +---------+---------+-------+---------+---------+-------
        D:1 |      51 |       0 |   0.0 |      25 |       0 |   0.0
        D:2 |     107 |      75 |  41.2 |      15 |       2 |  11.8
        D:3 |      53 |       0 |   0.0 |      14 |       0 |   0.0
        D:4 |     320 |     277 |  46.4 |      19 |       1 |   5.0
        D:5 |     599 |     670 |  52.8 |      17 |       5 |  22.7
        D:6 |     772 |     973 |  55.8 |       9 |       5 |  35.7
            +---------+---------+-------+---------+---------+-------
